 Dungeon Crawl Stone Soup version 0.30-a0-6-g7c9e10e132 (webtiles) character file.

Game seed: 17102160053168181367

448 Setbun the Basher (level 6, -4/51 HPs)
             Began as a Minotaur Fighter on Aug 22, 2022.
             Was an Initiate of Gozag.
             Slain by a hornet (8 damage)
             ... on level 4 of the Dungeon.
             The game lasted 00:03:40 (3661 turns).

Setbun the Basher (Minotaur Fighter)                Turns: 3661, Time: 00:03:42

Health: -4/51      AC: 11    Str: 28    XL:     6   Next: 73%
Magic:  5/5        EV:  8    Int:  5    God:    Gozag
Gold:   248        SH:  4    Dex: 10    Spells: 5/5 levels left

rFire   + . .      SeeInvis .    a - +0 flail
rCold   + . .      Faith    .    c - +0 buckler
rNeg    . . .      Spirit   .    t - +0 chain mail
rPois   +          Reflect  .    (helmet restricted)
rElec   +          Harm     .    y - +0 cloak
rCorr   +          Rampage  .    w - +0 pair of gloves
Will    .....                    (no boots)
Stlth   ..........               q - amulet of regeneration
HPRegen 0.97/turn                h - ring of flight
MPRegen 0.09/turn                k - +6 ring of strength

@: lethally poisoned (-4 -> -6), resistant, flying, slowed, very slow
A: horns 2, retaliatory headbutt
a: Renounce Religion, Potion Petition, Call Merchant, Bribe Branch


You were on level 4 of the Dungeon.
You worshipped Gozag.
Gozag was aware of your devotion.
You visited 2 branches of the dungeon, and saw 5 of its levels.

You collected 345 gold pieces.
You paid 97 gold pieces to Gozag.

Inventory:

Hand Weapons
 a - a +0 flail (weapon)
Armour
 b - a +0 scale mail
 c - a +0 buckler (worn)
 t - a +0 chain mail (worn)
 w - a +0 pair of gloves (worn)
 y - a +0 cloak (worn)
Jewellery
 h - a ring of flight (left hand)
 k - a +6 ring of strength (right hand)
 q - an amulet of regeneration (around neck)
Wands
 p - a wand of flame (46)
Scrolls
 l - 2 scrolls of torment {unknown}
 m - 3 scrolls of identify {unknown}
 n - a scroll of fear {unknown}
 o - a scroll of enchant armour {unknown}
 s - a scroll of magic mapping {unknown}
 u - 2 scrolls of enchant weapon {unknown}
 v - 3 scrolls of teleportation {unknown}
 x - 2 scrolls of vulnerability {unknown}
 D - a scroll of blinking {unknown}
Potions
 d - a potion of might
 e - a potion of invisibility {unknown}
 f - 2 potions of curing {unknown}
 g - 2 potions of degeneration {unknown}
 i - a potion of cancellation {unknown}
 j - 2 potions of heal wounds {unknown}
 r - a potion of magic {unknown}
 z - a potion of brilliance {unknown}
 A - a potion of flight {unknown}
 B - a potion of ambrosia {unknown}
 C - a potion of lignification {unknown}


   Skills:
 - Level 3.6 Fighting
 + Level 8.8 Maces & Flails
 - Level 3.6 Armour
 - Level 3.6 Shields


You had 5 spell levels left.
You didn't know any spells.
Your spell library contained the following spells:

 Spells                   Type           Power      Damage    Failure   Level
 Foxfire                  Conj/Fire      0%         2x1d4     98%         1
 Conjure Flame            Conj/Fire      0%         6-21      100%        3
 Inner Flame              Hex/Fire       0%         N/A       100%        3
 Flame Wave               Conj/Fire      0%         2d4       100%        4


Dungeon Overview and Level Annotations

Branches:
Dungeon (4/15)             Temple (1/1) D:4

Altars:
Cheibriados
Dithmenos
Elyvilon
Fedhas
Gozag
Hepliaklqana
Kikubaaqudgha
Nemelex Xobeh
Okawaru
Qazlal
Ru
Sif Muna
Vehumet
Wu Jian
Xom
Zin
The Shining One


Innate Abilities, Weirdness & Mutations

You have a pair of horns on your head.
You reflexively headbutt those who attack you in melee.


Message History

The orc barely misses you. You furiously retaliate!
You headbutt the orc!
You kill the orc!
Things that are here:
4 gold pieces; a +0 flail The hornet buzzes angrily.
You thump the endoplasm!
You kill the endoplasm!
You hear a shout!
The hornet stings you!
You feel yourself slow down. The hornet barely misses you.
Things that are here:
4 gold pieces; a +0 flail You hit the hornet.
You headbutt the hornet.
The hornet is lightly wounded.
You feel yourself speed up. The hornet stings you.
You feel yourself slow down. The hornet stings you.
You suddenly lose the ability to move!
You can move again.
You miss the hornet.
The hornet is lightly wounded.
The hornet stings you!
You are poisoned.
You feel as though you will be slow longer.
The hornet stings you.
You are more poisoned.
You feel as though you will be slow longer.
You miss the hornet.
The hornet is lightly wounded.
You feel very sick. The hornet closely misses you.
The hornet stings you but does no damage.
Unknown command.
You feel protected.
You feel very sick. The hornet stings you!
* * * LOW HITPOINT WARNING * * *
An orc comes into view. It is wielding a +0 dagger.
The hornet stings you!
You die...
Your body crumbles into a pile of gold.

###.#### ....... ###...#
# $ # #...# #. # #...#
###. ###...# ...# #
......# $#..#. .#
......####.##.o#####...#
#.#........###.y@.$..#
##...#####....$#######.#
##...#..............$..#
##.....##...#..#.######
##....#).#.#.....#
##....#)...#..#..#
.#.....#).[.##...#
......).).>.....##
.#.#...##)...#..#


You could see a hornet and an orc.

Vanquished Creatures
  Blork the orc (D:4)
  2 hounds (D:4)
  Crazy Yiuf (D:3)
  A gnoll bouda (D:4)
  Jessica (D:2)
  An iguana (D:4)
  9 gnolls (D:4)
  4 adders
  2 worms
  2 dart slugs (D:1)
  2 orcs
  2 bats
  8 endoplasms
  3 giant cockroaches
  7 goblins
  11 hobgoblins
  2 jackals (D:1)
  4 quokkas
  5 ball pythons
  3 frilled lizards
  8 kobolds
  4 rats
83 creatures vanquished.

Notes
Turn   | Place    | Note
-------+----------+-------------------------------------------
     0 | D:1      | Setbun the Minotaur Fighter began the quest for the Orb.
     0 | D:1      | Reached XP level 1. HP: 19/19 MP: 0/0
    42 | D:1      | Reached skill level 3 in Maces & Flails
   220 | D:1      | Reached XP level 2. HP: 22/26 MP: 1/1
   625 | D:1      | Reached skill level 4 in Maces & Flails
   879 | D:1      | Reached XP level 3. HP: 28/31 MP: 2/2
  1172 | D:2      | Noticed Jessica
  1174 | D:2      | Killed Jessica
  1175 | D:2      | Reached skill level 5 in Maces & Flails
  1175 | D:2      | Reached XP level 4. HP: 39/39 MP: 3/3
  2135 | D:3      | Found a stormy altar of Qazlal.
  2209 | D:3      | Reached skill level 6 in Maces & Flails
  2322 | D:3      | Found a runed translucent door.
  2323 | D:3      | Noticed Crazy Yiuf
  2449 | D:3      | Killed Crazy Yiuf
  2450 | D:3      | Reached XP level 5. HP: 33/45 MP: 4/4
  2621 | D:4      | Reached skill level 7 in Maces & Flails
  2656 | D:4      | Found a shadowy altar of Dithmenos.
  2737 | D:4      | Reached XP level 6. HP: 27/51 MP: 5/5
  2942 | D:4      | Found a staircase to the Ecumenical Temple.
  2970 | D:4      | Reached skill level 8 in Maces & Flails
  2973 | Temple   | Entered the Ecumenical Temple
  3228 | Temple   | Became a worshipper of Gozag Ym Sagoz the Greedy
  3263 | D:4      | Noticed Blork the orc
  3277 | D:4      | Killed Blork the orc
  3563 | D:4      | Found an iron altar of Okawaru.
  3652 | D:4      | Noticed a hornet
  3658 | D:4      | Paralysed by a hornet for 1 turns
  3661 | D:4      | Slain by a hornet

Illustrated notes

Levels and vault maps discovered:
D:1:      lightli_iron_boxes, layout_rooms, serial_park_tiny_pond
D:2:      layout_basic, uniq_jessica
D:3:      layout_loops_ring, nicolae_qazlal_scattered_showers, serial_forest,
          infiniplex_forest_lined_4_way, infiniplex_forest_zigzag_1,
          infiniplex_forest_straight_5, infiniplex_forest_lined_2,
          infiniplex_forest_straight_2, infiniplex_forest_corner_1,
          infiniplex_forest_clump_tiny, serial_bayou_lagoon_a,
          minmay_box_of_dots, uniq_crazy_yiuf_cottage
D:4:      layout_loops_ring, mainiacjoe_overflow_surrounded_room,
          mainiacjoe_overflow_catwalk, minmay_temple_entry_mini_moons,
          minmay_circle_x, uniq_blork_the_orc
Temple:   dpeg_chambers_temple

Skill      XL: |  1  2  3  4  5  6 |
---------------+-------------------+-----
Maces & Flails | 3 4 5 6 7 8 |  8.8
Fighting       | |  3.6
Armour         | |  3.6
Shields        | |  3.6

Action                   |  1- 3 |  4- 6 || total
-------------------------+-------+-------++-------
Melee: Flail             |    65 |   144 ||   209
       Headbutt          |     7 |    21 ||    28
  Use: Potion            |       |     1 ||     1
Armor: Scale mail        |    39 |     2 ||    41
       Chain mail        |       |    57 ||    57
Dodge: Dodged            |    26 |    70 ||    96
Block: Buckler           |    12 |    33 ||    45

Table legend: (Time is in decaauts)
 A = Elapsed time spent in this place.
 B = Non-inter-level travel time spent in this place.
 C = Inter-level travel time spent in this place.
 D = Time resting spent in this place.
 E = Time spent auto-exploring this place.
 F = Levels seen in this place.
 G = Mean time per level.
                   A        B        C        D        E       F      G
               +--------+--------+--------+--------+--------+-----+--------+
         Total |   3691 |   3443 |    248 |    414 |   2408 |   5 |  738.2 |
       Dungeon |   3321 |   3113 |    208 |    314 |   2219 |   4 |  830.2 |
        Temple |    369 |    329 |     40 |    100 |    189 |   1 |  369.0 |
               +--------+--------+--------+--------+--------+-----+--------+

Top non-repeatable levels by time:
     D:1: 1012 daAuts
     D:2: 788 daAuts
     D:4: 773 daAuts
     D:3: 747 daAuts
  Temple: 369 daAuts
